cohdb
Replays
Latest Replays
All Replays
Popular Replays
Top Player Replays
Match Explorer
How It Works
Community
CoH3 Stats
Reddit
Sign in to upload your games and track your stats! →
Sign in with Steam
Match 45889592
Unlisted
Match 45889592
Overview
Messages
Build Orders
End
Panzergrenadier Squad
250 Light Carrier
250 Light Carrier
Construct Light Support Kompanie
Combat Half-tracks
250 Light Carrier
Selects Armored Support Battlegroup
Selects Salvage Kits
Construct Mechanized Kompanie
Vehicle Survival Package
Support Armor Elements
Panzerjäger Mechanized Group
Rapid Advance
8 Rad Armored Car
Emergency Repair Kits
254 Reconnaissance Tractor
Selects Superior Fire Drills
Marder III Tank Destroyer
Selects Flammpanzer III Medium Tank
Flammpanzer III Medium Tank
Advanced Optics
Flammpanzer III Medium Tank
Selects Panzer Storm
Panzer Storm
Marder III Tank Destroyer
Flammpanzer III Medium Tank
Flammpanzer III Medium Tank
CPU - Very Easy
Barbarossa
dbswo0927
Qhunter
DebaKLeTV
Valieriumborn
0
0
Comments
sign in to comment!
No comments posted yet!